 Dungeon Crawl Stone Soup version 0.22.1-5-g62c59d919a (webtiles) character file.

521 Cykl0x the Shield-Bearer (level 7, -8/54 HPs)
             Began as a Demonspawn Fighter on Jan 12, 2019.
             Mangled by a yak (12 damage)
             ... on level 5 of the Dungeon.
             The game lasted 00:08:31 (3885 turns).

Cykl0x the Shield-Bearer (Demonspawn Fighter)       Turns: 3885, Time: 00:08:32

Health: -8/54      AC: 15    Str: 18    XL:     7   Next: 1%
Magic:  7/7        EV:  5    Int:  9    God:
Gold:   255        SH:  9    Dex: 13    Spells: 6/6 levels left

rFire    . . .     SeeInvis .   a - +2 war axe
rCold    . . .     Gourm    .   c - +0 shield
rNeg     . . .     Faith    .   k - +0 chain mail
rPois    +         Spirit   .   (helmet restricted)
rElec    .         Reflect  .   (no cloak)
rCorr    .         Harm     .   q - +2 pair of gloves
MR       .....                  (no boots)
Stlth    ..........             n - amulet of the acrobat
HPRegen  0.18/turn              v - ring of poison resistance
MPRegen  0.10/turn              (no ring)

@: no status effects
A: horns 1, icy blue scales 2, nightstalker 1
a: no special abilities


You were on level 5 of the Dungeon.
You were not hungry.

You visited 1 branch of the dungeon, and saw 5 of its levels.

You collected 255 gold pieces.

Inventory:

Hand Weapons
 a - a +2 war axe (weapon)
 u - the +9 mace of the Wary Tables {freeze, +Fly Dex+2}
   (You found it on level 4 of the Dungeon)

   It has been specially enchanted to freeze those struck by it, causing extra
   injury to most foes and up to half again as much damage against particularly
   susceptible opponents.
   It can also slow down cold-blooded creatures.
   It affects your dexterity (+2).
   It lets you fly.
Missiles
 r - 3 tomahawks (quivered)
Armour
 b - a +0 scale mail
 c - a +0 shield (worn)
 k - a +0 chain mail (worn)
 q - a +2 pair of gloves (worn)
Jewellery
 n - an amulet of the acrobat (around neck)
 v - a ring of poison resistance (left hand)
Scrolls
 g - a scroll of remove curse
 h - 3 scrolls of fear
 o - 2 scrolls of amnesia
Potions
 e - a potion of ambrosia {unknown}
 i - 2 potions of agility {unknown}
 j - a potion of magic {unknown}
 l - a potion of lignification {unknown}
 m - a potion of flight {unknown}
 t - 2 potions of resistance {unknown}
 w - a potion of heal wounds {unknown}
Comestibles
 f - 8 rations


   Skills:
 + Level 4.2 Fighting
 + Level 4.0 Axes
 + Level 0.4(2.5) Maces & Flails
 + Level 4.1 Armour
 + Level 1.2 Dodging
 + Level 4.2 Shields


You had 6 spell levels left.
You didn't know any spells.
Your spell library was empty.

Dungeon Overview and Level Annotations

Branches:
Dungeon (5/15)             Temple (0/1) D:4

Altars:
Ashenzari
Fedhas
Hepliaklqana
Makhleb
Okawaru
Trog
Wu Jian
Zin
The Shining One


Innate Abilities, Weirdness & Mutations

You have a pair of small horns on your head.
You are mostly covered in icy blue scales. (AC +3)
You are slightly more attuned to the shadows.


Message History

You block the yak's attack. The yak barely misses you.
You block the yak's attack. The yak gores you. You block the iguana's attack.
You closely miss the iguana.
The iguana is lightly wounded.
You closely miss the yak. You hit the yak. You hit the yak but do no damage.
You slash the yak! You hit the yak but do no damage. The yak gores you!
The yak gores you but does no damage. You block the yak's attack. x2
The yak barely misses you.
The iguana bites you but does no damage.
You block the yak's attack.
The yak gores you but does no damage. x2
You block the yak's attack. The yak gores you!
* * * LOW HITPOINT WARNING * * *
The iguana bites you but does no damage.
The yak gores you.
* * * LOW HITPOINT WARNING * * *
The yak gores you.
* * * LOW HITPOINT WARNING * * *
The yak gores you but does no damage. You block the yak's attack.
The yak gores you!
You die...

..## #..##
##.
##...##...
#..).....#
#........#
#..YY....#
#.Y@l....#
#oYY..>!.#
.......#.###
#.##..#.. #
# ##. ##. #.
## #.


You could see 5 yaks, an iguana and an orc.

Vanquished Creatures
  An ogre (D:3)
  A wyvern skeleton (D:4)
  A vampire bat (D:3)
  An orc priest (D:4)
  A hound (D:4)
  An orc wizard (D:3)
  Jessica (D:3)
  A worker ant (D:4)
  9 gnolls
  4 adders
  An ooze (D:3)
  An adder skeleton (D:4)
  A worm (D:3)
  3 dart slugs
  4 leopard geckos
  5 orcs
  6 giant cockroaches
  6 goblins
  4 hobgoblins
  7 kobolds
  A quokka (D:2)
  A ball python (D:1)
  14 bats
  5 frilled lizards (D:2)
  6 rats
86 creatures vanquished.

Notes
Turn   | Place    | Note
-------+----------+-------------------------------------------
     0 | D:1      | Cykl0x the Demonspawn Fighter began the quest for the Orb.
     0 | D:1      | Reached XP level 1. HP: 18/18 MP: 1/1
    72 | D:1      | Gained mutation: You have a pair of small horns on your
                  | head. [demonic ancestry]
    72 | D:1      | Reached XP level 2. HP: 19/24 MP: 2/2
   514 | D:2      | Reached XP level 3. HP: 29/29 MP: 3/3
   839 | D:2      | Found a shattered altar of Ashenzari.
  1295 | D:2      | Reached XP level 4. HP: 24/36 MP: 4/4
  1469 | D:3      | Noticed Jessica
  1479 | D:3      | Killed Jessica
  1636 | D:3      | Found a blossoming altar of Fedhas.
  1823 | D:3      | Found a glowing golden altar of the Shining One.
  1836 | D:3      | Gained mutation: You are partially covered in icy blue
                  | scales. (AC +2) [demonic ancestry]
  1836 | D:3      | Reached XP level 5. HP: 42/42 MP: 5/5
  1910 | D:3      | Found an ornate altar of the Wu Jian Council.
  2027 | D:4      | Noticed an ogre
  2237 | D:4      | HP: 2/42 [ogre/giant club (2)]
  2299 | D:3      | Killed an ogre
  2299 | D:3      | Gained mutation: You are slightly more attuned to the
                  | shadows. [demonic ancestry]
  2299 | D:3      | Reached XP level 6. HP: 12/48 MP: 6/6
  2321 | D:4      | Reached skill level 1 in Dodging
  2772 | D:4      | Got a scorched mace
  2773 | D:4      | Identified the +9 mace of the Wary Tables {freeze, +Fly
                  | Dex+2} (You found it on level 4 of the Dungeon)
  3046 | D:4      | Found a burning altar of Makhleb.
  3161 | D:4      | Found a staircase to the Ecumenical Temple.
  3458 | D:4      | Found a glowing silver altar of Zin.
  3493 | D:4      | Found a hazy altar of Hepliaklqana.
  3650 | D:4      | Found an iron altar of Okawaru.
  3650 | D:4      | Found a bloodstained altar of Trog.
  3657 | D:4      | Gained mutation: You are mostly covered in icy blue scales.
                  | (AC +3) [demonic ancestry]
  3657 | D:4      | Reached XP level 7. HP: 23/54 MP: 7/7
  3878 | D:5      | Entered Level 5 of the Dungeon
  3878 | D:5      | Noticed a yak
  3878 | D:5      | Noticed a yak
  3878 | D:5      | Noticed a yak
  3878 | D:5      | Noticed a yak
  3878 | D:5      | Noticed a yak
  3885 | D:5      | Mangled by a yak

Skill      XL: |  1  2  3  4  5  6 |
---------------+-------------------+-----
Axes           | 2 3 4 |  4.0
Armour         | 3 4 |  4.1
Shields        | 3 4 |  4.2
Dodging        | 1 |  1.2
Fighting       | 4 |  4.2
Maces & Flails | |  0.4

Action                   |  1- 3 |  4- 6 |  7- 9 || total
-------------------------+-------+-------+-------++-------
Melee: War axe           |    78 |   117 |     5 ||   200
       Headbutt          |    13 |    23 |     1 ||    37
       Mace              |       |    27 |       ||    27
  Use: Scroll            |     4 |     5 |       ||     9
       Potion            |       |     1 |       ||     1
  Eat: Chunk             |     1 |     8 |     1 ||    10
Armor: Scale mail        |    30 |    10 |       ||    40
       Chain mail        |       |    94 |    12 ||   106
Dodge: Dodged            |    33 |    89 |     7 ||   129
Block: Shield            |    48 |   108 |    15 ||   171
